 Dungeon Crawl Stone Soup version 0.22.1-6-g1668fe2 (webtiles) character file.

19754 Yuikono the Tainter (level 12, -2/88 HPs)
             Began as a Demonspawn Abyssal Knight on Jan 24, 2019.
             Was a High Priest of Lugonu.
             Slain by an eight-headed hydra (13 damage)
             ... on level 13 of the Dungeon on Jan 28, 2019.
             The game lasted 01:07:35 (18256 turns).

Yuikono the Tainter (Demonspawn Abyssal Knight)    Turns: 18256, Time: 01:07:36

Health: -2/88      AC: 14    Str: 14    XL:     12   Next: 39%
Magic:  4/18       EV: 12    Int: 15    God:    Lugonu [*****.]
Gold:   725        SH:  3    Dex: 19    Spells: 8/11 levels left

rFire    . . .     SeeInvis +   l - +3 spear (freeze)
rCold    . . .     Gourm    .   (no shield)
rNeg     . . .     Faith    .   H - +5 robe of Night {Dark MR+ SInv}
rPois    .         Spirit   .   (helmet restricted)
rElec    .         Reflect  +   q - +2 cloak
rCorr    .         Harm     .   K - +0 pair of gloves
MR       +....                  u - +0 pair of boots
Stlth    ++++++....             b - +3 amulet of reflection
HPRegen  0.24/turn              k - +4 ring of dexterity
MPRegen  0.16/turn              V - +3 ring of slaying

@: lethally poisoned (-2 -> -2), very slightly contaminated, slowed, very slow
A: antennae 1, yellow scales 1, nightstalker 2, powered by pain 2
a: Depart the Abyss, Bend Space, Banish, Corrupt, Enter the Abyss, Renounce
Religion


You were on level 13 of the Dungeon.
You worshipped Lugonu.
Lugonu was extremely pleased with you.
You were not hungry.

You visited 2 branches of the dungeon, and saw 14 of its levels.
You visited the Abyss 1 time.

You collected 725 gold pieces.

Inventory:

Hand Weapons
 l - a +3 spear of freezing (weapon)
 o - a +6 short sword
 N - a +2 short sword of flaming
 U - a +1 dagger of electrocution
Missiles
 d - 2 throwing nets
 i - 299 stones (quivered)
 m - 136 bolts
 n - 120 sling bullets
 w - 299 arrows
 z - 10 javelins
 F - 4 poisoned tomahawks
 O - 9 tomahawks
Armour
 a - a +2 robe of fire resistance
 p - a +0 helmet
 q - a +2 cloak (worn)
 u - a +0 pair of boots (worn)
 v - a +0 leather armour
 x - a cursed +0 buckler
 H - the +5 robe of Night (worn) {Dark MR+ SInv}
   (You found it on level 7 of the Dungeon)

   It affects your resistance to hostile enchantments.
   It lets you see invisible.
 K - a +0 pair of gloves (worn)
Jewellery
 b - a +3 amulet of reflection (around neck)
 e - an uncursed ring of positive energy
 k - a +4 ring of dexterity (left hand)
 S - an uncursed ring of fire
 V - a +3 ring of slaying (right hand)
Wands
 f - a wand of polymorph (18)
 M - a wand of flame (91)
 R - a wand of disintegration (12)
 Y - a wand of iceblast (14)
Scrolls
 j - 5 scrolls of enchant armour
 r - 6 scrolls of teleportation
 y - 4 scrolls of enchant weapon
 A - 3 scrolls of immolation
 E - a scroll of silence
 J - 2 scrolls of fog
 L - 3 scrolls of remove curse
 W - 2 scrolls of magic mapping
 X - a scroll of amnesia
Potions
 g - 3 potions of curing
 h - 3 potions of lignification
 B - a potion of brilliance
 D - a potion of ambrosia
 G - 3 potions of haste
 I - 3 potions of might
 T - a potion of cancellation
Comestibles
 c - 22 rations
 t - 5 chunks of flesh


   Skills:
 - Level 6.0 Fighting
 - Level 3.5 Short Blades
   Level 1.3 Maces & Flails
 - Level 7.1 Polearms
 - Level 1.7 Armour
 - Level 0.8 Dodging
 + Level 9.2 Stealth
 - Level 3.9 Conjurations
 + Level 8.3 Air Magic
 + Level 10.0 Poison Magic
 - Level 9.1 Invocations


You had 8 spell levels left.
You knew the following spells:

 Your Spells              Type           Power        Failure   Level  Hunger
a - Mephitic Cloud        Conj/Pois/Air  ###.....     3%          3    ####...

Your spell library contained the following spells:

 Spells                   Type           Power        Failure   Level  Hunger
 Magic Dart               Conj           ##..         5%          1    ##.....
 Flame Tongue             Conj/Fire      #....        12%         1    ##.....
 Throw Flame              Conj/Fire      #.....       19%         2    ###....
 Corona                   Hex            #......      26%         1    ##.....
 Sandblast                Erth           #.....       26%         1    ##.....
 Conjure Flame            Conj/Fire      #.......     36%         3    ####...
 Dazzling Spray           Conj/Hex       #.....       36%         3    ####...
 Stone Arrow              Conj/Erth      #.....       36%         3    ####...
 Blink                    Tloc           N/A          38%         2    ###....
 Call Imp                 Summ           #.......     38%         2    ###....
 Ensorcelled Hibernation  Hex/Ice        #.....       38%         2    ###....
 Passwall                 Tmut/Erth      #.......     38%         2    ###....
 Slow                     Hex            #.......     38%         2    ###....
 Confuse                  Hex            #.......     63%         3    ####...
 Inner Flame              Hex/Fire       #.......     63%         3    ####...
 Tukima's Dance           Hex            #.......     63%         3    ####...
 Sticky Flame             Conj/Fire      #.......     77%         4    #####..
 Petrify                  Tmut/Erth      #.......     95%         4    #####..
 Fireball                 Conj/Fire      #.........   98%         5    ######.
 Lee's Rapid Deconstruct  Erth           #.........   100%        5    ######.


Dungeon Overview and Level Annotations

Branches:
Dungeon (13/15)            Temple (1/1) D:5            Lair (0/6) D:11
    Orc (0/2) D:12
 Vaults: D:13-14

Altars:
Ashenzari
Cheibriados
Dithmenos
Elyvilon
Fedhas
Gozag
Hepliaklqana
Kikubaaqudgha
Makhleb
Nemelex Xobeh
Okawaru
Qazlal
Ru
Sif Muna
Trog
Uskayaw
Vehumet
Wu Jian
Xom
Yredelemnul
Zin
The Shining One

Shops:
D:7 *

Annotations:
D:12 3 runed doors, Gearfox's ghost, journeyman HOFi
Abyss:1 Sonja


Innate Abilities, Weirdness & Mutations

You have a pair of small antennae on your head.
You are partially covered in yellow scales. (AC +2)
You are significantly more attuned to the shadows.
You sometimes gain power by taking damage.


Message History

Aim: an eight-headed hydra (chance to defeat MR: 57%)
Okay, then.
Blink to where?
Press: ? - help, Dir - move target cursor You are very lightly contaminated with residual magic.
As you read the scroll of blinking, it crumbles to dust.
Press: ? - help, Shift-Dir - straight line, f - eight-headed hydra
Aim: an eight-headed hydra (chance to defeat MR: 57%)
The eight-headed hydra resists with significant effort.
You feel somewhat more hungry.
You feel sick.
A killer bee comes into view.
The eight-headed hydra closely misses you.
The eight-headed hydra bites you!
* * * LOW HITPOINT WARNING * * *
The eight-headed hydra barely misses you.
You block the eight-headed hydra's attack. x2
The eight-headed hydra bites you.
* * * LOW HITPOINT WARNING * * *
The eight-headed hydra bites you!
You die...

# ...##†#. ... #.
##.#†#.. ########..#
#.##...#.##
{#......#..###....##..#
#.####....#.##.y...###
#.#.<#........#..##..#
#.#..#....y...†##†.##..
#.##.#.#.##.#.#..##..##
#....#@#.#....#....##.
######D....#...#....#
C?.....§..#....####
######(§.#...###
#§....### #...### #...#
##.... ....


You could see an eight-headed hydra.

Vanquished Creatures
  Frances (D:12)
  Josephine (D:10)
  A two-headed ogre (D:12)
  An unseen horror (D:12)
  An ugly thing (D:12)
  A deep elf mage (D:10)
  A centaur zombie (D:11)
  A troll (D:9)
  2 hornets (D:12)
  8 slime creatures (D:12)
  4 hippogriffs
  A spriggan (shapeshifter) (D:10)
  A shadow (D:9)
  2 wyverns
  4 wraiths (D:11)
  6 yaks (D:11)
  4 hungry ghosts
  2 porcupines (D:11)
  An acid dragon (D:11)
  6 sky beasts
  3 orc warriors (D:11)
  2 ice beasts
  A black bear (D:8)
  2 necrophages
  4 ogres
  3 phantoms
  8 centaurs
  3 crocodiles
  2 big kobolds
  6 bullfrogs
  5 scorpions
  14 killer bees
  10 wights
  2 howler monkeys (D:10)
  6 crimson imps
  3 bullfrog zombies
  2 quasits (D:12)
  8 orc priests
  Crazy Yiuf (D:2)
  3 jellies
  16 orc wizards
  7 centaur skeletons
  10 hounds
  2 bullfrog skeletons
  A gnoll shaman (D:8)
  5 iguanas
  16 worker ants
  4 hound zombies
  2 howler monkey zombies
  A mummy (D:6)
  2 worker ant zombies
  Robin (D:2)
  7 gnolls
  8 adders
  3 shadow imps
  An ooze (D:5)
  4 worms
  3 dart slugs (D:1)
  5 leopard geckos
  44 orcs
  5 bats
  4 giant cockroaches
  13 goblins
  11 hobgoblins
  10 jackals
  2 kobolds
  8 quokkas
  2 ball pythons
  5 frilled lizards
  2 hobgoblin zombies (D:6)
  A jackal skeleton (D:8)
  A kobold zombie (D:6)
  A leopard gecko skeleton (D:4)
  An orc zombie (D:6)
  A quokka skeleton (D:6)
  2 quokka zombies (D:8)
  6 rats
354 creatures vanquished.

Vanquished Creatures (others)
  A deep elf mage (D:8)
  2 ugly things (D:12)
  A cyclops (D:13)
  A slime creature (D:12)
  A shadow (D:8)
  A yak (D:8)
  4 orc warriors
  2 ogres
  A killer bee (D:13)
  An orc priest (D:8)
  2 fungi (D:11)
  4 plants
21 creatures vanquished.

Grand Total: 375 creatures vanquished

Notes
Turn   | Place    | Note
-------+----------+-------------------------------------------
     0 | Abyss:1  | Yuikono the Demonspawn Abyssal Knight began the quest for
                  | the Orb.
     0 | Abyss:1  | Reached XP level 1. HP: 18/18 MP: 2/2
    25 | D:1      | Escaped the Abyss
   140 | D:1      | Gained mutation: You are partially covered in yellow
                  | scales. (AC +2) [demonic ancestry]
   140 | D:1      | Reached XP level 2. HP: 19/24 MP: 4/4
   977 | D:2      | Gained mutation: You sometimes gain a little power by
                  | taking damage. [demonic ancestry]
   977 | D:2      | Reached XP level 3. HP: 29/29 MP: 5/5
  1003 | D:2      | Found an ornate altar of the Wu Jian Council.
  1011 | D:2      | Reached ** piety under Lugonu
  1150 | D:2      | Found a shimmering altar of Xom.
  1328 | D:2      | Noticed Robin
  1438 | D:2      | Killed Robin
  1438 | D:2      | Reached XP level 4. HP: 26/37 MP: 6/6
  1543 | D:2      | Found a runed door.
  1901 | D:2      | Noticed Crazy Yiuf
  1929 | D:2      | Killed Crazy Yiuf
  2256 | D:3      | Gained mutation: You are slightly more attuned to the
                  | shadows. [demonic ancestry]
  2256 | D:3      | Reached XP level 5. HP: 35/42 MP: 8/8
  2600 | D:3      | Found a shadowy altar of Dithmenos.
  2658 | D:3      | Reached *** piety under Lugonu
  2817 | D:3      | Reached skill level 5 in Invocations
  3068 | D:4      | Reached XP level 6. HP: 42/49 MP: 9/9
  3530 | D:4      | Reached skill level 5 in Fighting
  3990 | D:5      | Entered Level 5 of the Dungeon
  4060 | D:5      | Reached XP level 7. HP: 32/56 MP: 11/11
  4230 | D:5      | Found a staircase to the Ecumenical Temple.
  4256 | Temple   | Entered the Ecumenical Temple
  4865 | D:5      | Got a faintly glowing whip
  4866 | D:5      | Identified the +4 whip "Spiderbane" {flame, *Noise rPois
                  | Int+7} (You found it on level 5 of the Dungeon)
  5031 | D:6      | Found a glowing golden altar of the Shining One.
  5088 | D:6      | Reached skill level 1 in Maces & Flails
  5489 | D:6      | Learned a level 3 spell: Mephitic Cloud
  5643 | D:6      | Gained mutation: You have a pair of small antennae on your
                  | head. [demonic ancestry]
  5643 | D:6      | Reached XP level 8. HP: 59/64 MP: 5/13
  5889 | D:6      | Reached skill level 1 in Conjurations
  5889 | D:6      | Reached skill level 1 in Poison Magic
  5960 | D:6      | Reached skill level 5 in Polearms
  6414 | D:6      | Found a hazy altar of Hepliaklqana.
  6414 | D:6      | Found a snail-covered altar of Cheibriados.
  6532 | D:7      | Reached skill level 2 in Poison Magic
  6739 | D:7      | Reached skill level 3 in Poison Magic
  6949 | D:7      | Reached **** piety under Lugonu
  7116 | D:7      | Found the +5 robe of Night {Dark MR+ SInv}
  7207 | D:7      | Found Tatiocs's Assorted Antiques.
  7396 | D:8      | Reached XP level 9. HP: 67/67 MP: 15/15
  8151 | D:8      | Found a hide-covered altar of Uskayaw.
  8157 | D:8      | Found a sparkling altar of Nemelex Xobeh.
  8157 | D:8      | Found a white marble altar of Elyvilon.
  8157 | D:8      | Found a glowing silver altar of Zin.
  8160 | D:8      | Found a deep blue altar of Sif Muna.
  8313 | D:8      | Reached skill level 4 in Poison Magic
  8334 | D:8      | Reached skill level 1 in Stealth
  8386 | D:8      | Reached skill level 1 in Air Magic
  8911 | D:8      | Noticed a deep elf mage
  8924 | D:8      | Banished a deep elf mage
  9162 | D:8      | Reached skill level 5 in Poison Magic
  9751 | D:8      | Gained mutation: You are significantly more attuned to the
                  | shadows. [demonic ancestry]
  9751 | D:8      | Reached XP level 10. HP: 60/74 MP: 16/16
 10185 | D:9      | Found an ancient bone altar of Kikubaaqudgha.
 10431 | D:9      | Reached skill level 1 in Short Blades
 10573 | D:9      | Found a stormy altar of Qazlal.
 10732 | D:9      | Reached skill level 6 in Poison Magic
 10993 | D:10     | Entered Level 10 of the Dungeon
 11624 | D:10     | Noticed a deep elf mage
 11636 | D:10     | Killed a deep elf mage
 11636 | D:10     | Reached skill level 5 in Stealth
 12357 | D:11     | Noticed Josephine
 12362 | D:10     | Killed Josephine
 12362 | D:10     | Reached skill level 5 in Air Magic
 12458 | D:11     | Reached skill level 7 in Poison Magic
 12612 | D:11     | Gained mutation: You sometimes gain power by taking damage.
                  | [demonic ancestry]
 12612 | D:11     | Reached XP level 11. HP: 60/79 MP: 17/17
 12809 | D:11     | Reached ***** piety under Lugonu
 13579 | D:11     | Found a white marble altar of Elyvilon.
 13847 | D:11     | Reached skill level 8 in Poison Magic
 14439 | D:11     | Found a staircase to the Lair.
 14677 | D:11     | Noticed a catoblepas
 15182 | D:12     | Noticed an unseen horror
 15202 | D:12     | Killed an unseen horror
 15350 | D:12     | Noticed a green ugly thing
 15371 | D:12     | Killed a green ugly thing
 16418 | D:12     | Reached skill level 9 in Poison Magic
 16507 | D:12     | Noticed a cyan ugly thing
 16527 | D:12     | Banished a cyan ugly thing
 16983 | D:12     | Noticed Frances
 17063 | D:12     | Noticed a soul eater
 17063 | D:12     | Killed Frances
 17063 | D:12     | Reached XP level 12. HP: 45/88 MP: 18/18
 17462 | D:12     | Found a runed gate.
 17462 | D:12     | Found a runed gate.
 17462 | D:12     | Found a runed gate.
 17464 | D:12     | Noticed a storm dragon
 17477 | D:12     | Found an opulent altar of Gozag.
 17477 | D:12     | Noticed Gearfox's ghost (journeyman HOFi)
 17848 | D:12     | Noticed a two-headed ogre
 17856 | D:12     | Killed a two-headed ogre
 17935 | D:12     | Found a staircase to the Orcish Mines.
 18168 | D:13     | Noticed Sonja
 18248 | D:13     | Banished Sonja
 18248 | D:13     | Reached skill level 10 in Poison Magic
 18252 | D:13     | Noticed an eight-headed hydra
 18256 | D:13     | Slain by an eight-headed hydra

Skill      XL: |  1  2  3  4  5  6  7  8  9 10 11 12 |
---------------+-------------------------------------+-----
Polearms       | 2 3 4 5 7 |  7.1
Invocations    | 3 4 5 6 7 8 9 |  9.1
Fighting       | 4 5 6 |  6.0
Maces & Flails | 1 |  1.3
Conjurations   | 3 |  3.9
Poison Magic   | 3 5 7 9 10 | 10.0
Stealth        | 3 5 8 9 |  9.2
Air Magic      | 3 5 7 8 |  8.3
Short Blades   | 3 |  3.5
Armour         | |  1.7
Dodging        | |  0.8

Action                   |  1- 3 |  4- 6 |  7- 9 | 10-12 || total
-------------------------+-------+-------+-------+-------++-------
Melee: Spear             |   146 |   199 |   554 |    84 ||   983
       Whip              |       |       |    87 |       ||    87
       Dagger            |       |       |       |   526 ||   526
       Short sword       |       |       |       |   118 ||   118
Throw: Stone             |     5 |    12 |    16 |     9 ||    42
 Cast: Mephitic Cloud    |       |       |       |     4 ||     4
Invok: Banish            |       |       |    11 |     9 ||    20
       Bend Space        |       |       |     1 |       ||     1
  Use: Scroll            |     1 |     6 |     4 |    13 ||    24
       Potion            |       |     4 |       |     9 ||    13
 Stab: Sleeping          |     3 |     2 |    10 |    50 ||    65
       Distracted        |       |     1 |     2 |     1 ||     4
       Confused          |       |       |       |     4 ||     4
  Eat: Chunk             |     1 |     6 |    21 |    14 ||    42
       Ration            |       |     1 |     2 |     7 ||    10
Armor: Leather armour    |    35 |    51 |    91 |       ||   177
       Robe              |       |       |    99 |   218 ||   317
Dodge: Dodged            |    72 |    80 |   259 |   314 ||   725
Block: Other             |       |       |       |    18 ||    18
